 Dungeon Crawl Stone Soup version 0.32-a0-818-gb728d0252e (webtiles) character file.

Game seed: 14718768587262384913

7675 garrulousMonolith the Cleaver (level 11, -1/86 HPs)
             Began as a Coglin Berserker on Mar 24, 2024.
             Was a High Priest of Trog.
             Slain by a yak (2 damage)
             ... on level 11 of the Dungeon.
             The game lasted 00:12:29 (9102 turns).

garrulousMonolith the Cleaver (Coglin Berserker)    Turns: 9102, Time: 00:12:30

Health: -1/86      AC: 19    Str: 19    XL:     11   Next: 19%
Magic:  0/2        EV:  7    Int: 10    God:    Trog [*****.]
Gold:   464        SH:  0    Dex: 13    Spells: 10/10 levels left

rFire   + . .        h - +1 war axe (flame) {Sebastián}
rCold   . . .        r - +2 flail (venom) {Lucia}
rNeg    + . .        u - +0 plate armour
rPois   .            k - +2 hat of the Bear Spirit {Spirit, Bear, *Rage Will++}
rElec   +            j - +1 cloak
rCorr   .            (no gloves)
SInv    .            s - +1 pair of boots of Gozag's Felicitations {rElec rF+ rN+ MP-9}
Will    ++...        (amulet unavailable) Stlth
                     (ring unavailable)
HPRegen 0.34/turn    (ring unavailable)
MPRegen 0.08/turn    (no gizmo)

%: random rage (20%), guardian spirit
@: on berserk cooldown, slowed, revved, very slow
A: off-hand wielding, slow wielding, warmup strikes, no jewellery
a: Invent Gizmo, Renounce Religion, Berserk, Trog's Hand, Brothers in Arms


You were on level 11 of the Dungeon.
You worshipped Trog.
Trog was extremely pleased with you.
You visited 2 branches of the dungeon, and saw 12 of its levels.
You also visited: Sewer.

You collected 464 gold pieces.

Inventory:

Hand Weapons
 h - a +1 war axe of flaming (weapon) {Sebastián}
 i - a +2 short sword of venom
 r - a +2 flail of venom (offhand) {Lucia}
Missiles
 e - a throwing net (quivered)
 x - a curare-tipped dart
 F - 29 poisoned darts
Armour
 j - a +1 cloak (worn)
 k - the +2 hat of the Bear Spirit (worn) {Spirit, Bear, *Rage Will++}
   (You acquired it on level 7 of the Dungeon)

   Bear:      Going berserk makes the wearer exceptionally tough, and they are
   slowed for a shorter time afterward.
   Will++:    It greatly increases your willpower.
   *Rage:     It berserks you when you make melee attacks (+20% chance).
 p - a +2 helmet
 s - the +1 pair of boots of Gozag's Felicitations (worn) {rElec rF+ rN+ MP-9}
   (You found it on level 4 of the Dungeon)

   rF+:       It protects you from fire.
   rElec:     It insulates you from electricity.
   rN+:       It protects you from negative energy.
   MP-9:      It affects your magic capacity (-9).
 u - a +0 plate armour (worn)
 M - +0 steam dragon scales
Wands
 w - a wand of flame (49)
 G - a wand of charming (5)
Scrolls
 b - a scroll of vulnerability
 l - a scroll of enchant weapon
 m - 2 scrolls of fog
 q - 2 scrolls of poison
 B - 2 scrolls of teleportation
 E - a scroll of revelation
 H - a scroll of silence
 K - 2 scrolls of noise
Potions
 d - a potion of heal wounds
 f - 3 potions of might
 g - 2 potions of lignification
 n - 5 potions of curing
 o - a potion of ambrosia {unknown}
 t - a potion of mutation {unknown}
 v - 4 potions of haste
 z - a potion of degeneration {unknown}
 A - a potion of magic
 C - 2 potions of resistance
 D - 2 potions of brilliance
 L - a potion of enlightenment {unknown}


   Skills:
 + Level 8.2 Fighting
 * Level 11.2 Axes
 + Level 7.2 Armour
 + Level 7.2 Dodging


You had 10 spell levels left.
You didn't know any spells.
Your spell library was empty.

Dungeon Overview and Level Annotations

Branches:
Dungeon (11/15)            Temple (1/1) D:4            Lair (0/5) D:8
  Sewer (visited)
    Orc: D:9-12

Altars:
Ashenzari
Cheibriados
Dithmenos
Elyvilon
Fedhas
Gozag
Hepliaklqana
Kikubaaqudgha
Makhleb
Nemelex Xobeh
Okawaru
Qazlal
Ru
Sif Muna
Trog
Uskayaw
Vehumet
Wu Jian
Xom
Yredelemnul
Zin
The Shining One

Shops:
D:3 !   D:4 =

Portals:
Ice
Cave: D:11


Innate Abilities, Weirdness & Mutations

You can wield a second weapon in your off-hand.
It takes a long time for you to wield or remove held weapons.
Your first few attacks do less damage.
You cannot equip rings or amulets.


Message History

The two-headed ogre simulacrum hits you but does no damage.
The yak gores you but does no damage. The spriggan simulacrum hits you!
The spriggan simulacrum freezes you! The spriggan simulacrum hits you.
The spriggan simulacrum freezes you! The yak gores you but does no damage.
You hit the spriggan simulacrum with your +2 flail of venom.
The spriggan simulacrum is lightly damaged.
You closely miss the spriggan simulacrum with your +1 war axe of flaming.
You hit the naga simulacrum with your +1 war axe of flaming.
You melt the naga simulacrum.
You hit the yak with your +1 war axe of flaming.
You burn the yak.
You hit the two-headed ogre simulacrum with your +1 war axe of flaming.
You melt the two-headed ogre simulacrum.
The two-headed ogre simulacrum vaporises!
Trog accepts your kill.
You hit the spriggan simulacrum with your +1 war axe of flaming.
You melt the spriggan simulacrum.
The spriggan simulacrum hits you. The spriggan simulacrum freezes you!!
* * * LOW HITPOINT WARNING * * *
The yak gores you.
* * * LOW HITPOINT WARNING * * *
The spriggan simulacrum hits you but does no damage.
You hit the naga simulacrum with your +2 flail of venom.
The naga simulacrum is heavily damaged.
You hit the naga simulacrum with your +1 war axe of flaming.
You melt the naga simulacrum.
You barely miss the spriggan simulacrum with your +1 war axe of flaming.
You hit the spriggan simulacrum with your +1 war axe of flaming.
You melt the spriggan simulacrum.
You slash the yak with your +1 war axe of flaming!
You burn the yak. The yak gores you.
* * * LOW HITPOINT WARNING * * *
The naga simulacrum hits you!
* * * LOW HITPOINT WARNING * * *
The naga simulacrum freezes you!
* * * LOW HITPOINT WARNING * * *
The naga simulacrum closely misses you.
The spriggan simulacrum hits you but does no damage.
The yak gores you.
You die...

***** ***** *###...* **,..#*
*......***
**,....#######......,,**
*****,..............∩...,,,**
,,,,,...................,,,,*
*****...................,,,,*****
*#...<.?....○°......,,,,*,,,,
##..........@YZ.....,,,,*,,,, **
#..........YZZ......,,,,*,,,,
,***#......>............,,,,,,,,^
,,,,....................,,,,,,,,,
*,,,................$...,,,,,,,,,
,,,,.........######.....,,,,*,,,,
,,,,.....###.######.....,,,,,,,,,
,,,,......##.<.####.....,,,,,,*,,
,,,*.......###...###...,,,,**,**,


You could see 2 yaks, 2 spriggan simulacra and a naga simulacrum.

Vanquished Creatures
  4 kobold demonologists (D:9)
  Grinder (D:6)
  A vampire (D:9)
  2 wyverns
  17 yaks
  2 steam dragons (D:7)
  Menkaure (D:6)
  A water moccasin (D:7)
  2 black bears (D:8)
  An ice beast (D:6)
  A sky beast (D:7)
  An orc warrior (D:10)
  2 centaurs
  6 kobold brigands
  2 brain worms (Sewer)
  7 bullfrogs
  A two-headed ogre simulacrum (D:11)
  3 scorpions
  6 wights
  5 killer bees (D:8)
  A howler monkey (D:6)
  A bombardier beetle (D:6)
  Crazy Yiuf (D:6)
  2 orc priests
  A jelly (D:6)
  A gnoll bouda (D:7)
  4 iguanas
  3 orc wizards
  A troll simulacrum (D:11)
  Robin (D:2)
  3 gnolls (D:7)
  13 adders
  2 river rats (Sewer)
  2 shadow imps
  2 white imps (D:7)
  2 ufetubi (D:6)
  2 dart slugs
  2 ribbon worms
  20 orcs
  4 endoplasms
  7 giant cockroaches
  12 goblins
  10 hobgoblins
  6 jackals
  17 kobolds
  4 quokkas
  4 ball pythons
  4 bats
  4 frilled lizards
  5 rats
207 creatures vanquished.

Notes
Turn   | Place    | Note
-------+----------+-------------------------------------------
     0 | D:1      | garrulousMonolith the Coglin Berserker began the quest for
                  | the Orb.
     0 | D:1      | Reached XP level 1. HP: 18/18 MP: 1/1
   132 | D:1      | Reached XP level 2. HP: 20/24 MP: 2/2
   750 | D:1      | Reached XP level 3. HP: 25/29 MP: 3/3
   858 | D:2      | Reached ** piety under Trog
   918 | D:2      | Reached XP level 4. HP: 26/35 MP: 4/4
   920 | D:2      | Noticed Robin
   929 | D:2      | Killed Robin
  1260 | D:2      | Found a faded altar of an unknown god.
  1507 | D:3      | Found Pymifi's Distillery.
  1592 | D:3      | Reached skill level 4 in Axes
  1892 | D:3      | Reached XP level 5. HP: 37/41 MP: 5/5
  2312 | D:4      | Found Keably's One-of-a-Kind Rings.
  2512 | D:4      | Found a staircase to the Ecumenical Temple.
  2521 | Temple   | Entered the Ecumenical Temple
  2844 | D:4      | Identified the +1 pair of boots of Gozag's Felicitations
                  | {rElec rF+ rN+ MP-9}
  3018 | D:5      | Entered Level 5 of the Dungeon
  3060 | D:5      | Reached *** piety under Trog
  3124 | D:5      | Reached XP level 6. HP: 48/48 MP: 0/6
  3202 | D:5      | Reached skill level 5 in Axes
  3614 | D:6      | Found a hazy altar of Hepliaklqana.
  3614 | D:6      | Found a radiant altar of Vehumet.
  3726 | D:6      | Found a glowing drain.
  3733 | Sewer    | Entered a sewer
  3817 | Sewer    | Reached XP level 7. HP: 48/55 MP: 0/7
  4185 | D:6      | Reached skill level 6 in Axes
  4412 | D:6      | Reached XP level 8. HP: 61/61 MP: 0/8
  4428 | D:6      | Noticed Menkaure
  4436 | D:6      | Killed Menkaure
  4437 | D:6      | Reached skill level 5 in Fighting
  4536 | D:6      | Noticed Grinder
  4541 | D:6      | Paralysed by Grinder for 5 turns
  4551 | D:6      | Killed Grinder
  4552 | D:6      | Reached **** piety under Trog
  4641 | D:6      | Found a shimmering blue altar of Sif Muna.
  4728 | D:6      | Found a runed translucent door.
  4729 | D:6      | Noticed Crazy Yiuf
  4763 | D:6      | Reached skill level 7 in Axes
  5009 | D:6      | Killed Crazy Yiuf
  5140 | D:7      | Identified the ring of Lugonu's Reproof {*Corrode EV+5
                  | Int+4}
  5399 | D:7      | Reached XP level 9. HP: 69/69 MP: 0/9
  5486 | D:7      | Reached skill level 5 in Armour
  5486 | D:7      | Reached skill level 5 in Dodging
  5503 | D:7      | Reached skill level 8 in Axes
  6068 | D:7      | Identified a scroll of acquirement
  6068 | D:7      | Acquired the +2 hat of the Bear Spirit {Spirit, Bear, *Rage
                  | Will++}
  6068 | D:7      | Found the +2 hat of the Bear Spirit {Spirit, Bear, *Rage
                  | Will++}
  6199 | D:7      | HP: 2/69 [yak (11)]
  6673 | D:8      | Reached skill level 9 in Axes
  6754 | D:8      | Reached XP level 10. HP: 77/77 MP: 1/10
  7207 | D:8      | Found a staircase to the Lair.
  7380 | D:8      | Found a hide-covered altar of Uskayaw.
  7822 | D:9      | Reached skill level 10 in Axes
  8040 | D:9      | Noticed a kobold demonologist
  8040 | D:9      | Noticed a kobold demonologist
  8040 | D:9      | Noticed a kobold demonologist
  8040 | D:9      | Noticed a kobold demonologist
  8043 | D:9      | Killed a kobold demonologist
  8046 | D:9      | Noticed a soul eater
  8048 | D:9      | Killed a kobold demonologist
  8048 | D:9      | Reached ***** piety under Trog
  8052 | D:9      | Killed a kobold demonologist
  8053 | D:9      | Killed a kobold demonologist
  8371 | D:10     | Entered Level 10 of the Dungeon
  8431 | D:10     | Reached XP level 11. HP: 86/86 MP: 0/11
  8444 | D:10     | Reached skill level 11 in Axes
  8614 | D:10     | Identified the amulet "Hiufeal" {Faith Int+3 Dex+6}
  8896 | D:10     | Noticed a deep elf pyromancer
  8896 | D:10     | Noticed a deep elf pyromancer
  8896 | D:10     | Noticed a red ugly thing
  8896 | D:10     | Noticed a tengu warrior
  8899 | D:10     | Noticed a cyclops
  8904 | D:10     | Noticed a fire dragon
  8905 | D:10     | Noticed a fire crab
  9095 | D:11     | Found a frozen archway.
  9102 | D:11     | HP: 1/86 [naga simulacrum (8)]
  9102 | D:11     | Slain by a yak

Illustrated notes

Levels and vault maps discovered:
D:1:      doesnt_arrival_eight_statues, layout_basic, minmay_misc_feat_chi
D:2:      layout_loops_cross, dilly_ecumenical_altar_fadedgnrine, uniq_robin
D:3:      layout_rooms, serial_shops, nicolae_shop_stone
D:4:      layout_basic, minmay_temple_entry_antechambers,
          nicolae_shop_unique_rings
D:5:      layout_loops_cross
D:6:      layout_gridville, mainiacjoe_overflow_cross_hatched,
          grunt_temple_overflow_open,
          mainiacjoe_sewer_entry_somewhere_in_here_2,
          wad_floor_pattern_untrapped, uniq_crazy_yiuf_cottage, uniq_grinder,
          uniq_menkaure
D:7:      layout_cave_pods
D:8:      layout_cave_pools, nicolae_uskayaw_dance_studio, david_lair_generic,
          chequers_serial_rivers_micro_d
D:9:      layout_roguey
D:10:     layout_roguey, corner_web_ring, onia_ninara_dug_in_and_dangerous
D:11:     layout_rooms, portal_ice_cave_entry_ice_simulacra
Temple:   nicolae_temple_no_exploring_needed

Skill      XL: |  1  2  3  4  5  6  7  8  9 10 11 |
---------------+----------------------------------+-----
Armour         | 2 3 4 5 6 7 |  7.2
Dodging        | 2 3 4 5 7 |  7.2
Axes           | 4 5 6 7 9 10 11 | 11.2
Fighting       | 4 5 6 8 |  8.2

Action                     |  1- 3 |  4- 6 |  7- 9 | 10-12 || total
---------------------------+-------+-------+-------+-------++-------
  Melee: Dagger            |    16 |       |       |       ||    16
         Hand axe          |    52 |    77 |       |       ||   129
         War axe           |    40 |   135 |   160 |    87 ||   422
         Flail             |       |    56 |   157 |    93 ||   306
 Invoke: Trog's Hand       |       |       |     1 |       ||     1
    Use: Scroll            |       |     9 |     8 |     5 ||    22
         Potion            |       |       |     4 |       ||     4
 Armour: Animal skin       |     6 |       |       |       ||     6
         Leather armour    |    45 |    27 |       |       ||    72
         Plate armour      |       |   101 |   223 |    92 ||   416
  Dodge: Dodged            |    40 |    57 |    57 |    36 ||   190

Table legend: (Time is in decaauts)
 A = Elapsed time spent in this place.
 B = Non-inter-level travel time spent in this place.
 C = Inter-level travel time spent in this place.
 D = Time resting spent in this place.
 E = Time spent auto-exploring this place.
 F = Levels seen in this place.
 G = Mean time per level.
                   A        B        C        D        E       F      G
               +--------+--------+--------+--------+--------+-----+--------+
         Total |   9334 |   8948 |    386 |   2037 |   5301 |  13 |  718.0 |
       Dungeon |   8870 |   8484 |    386 |   1960 |   5061 |  11 |  806.4 |
        Temple |      1 |      1 |      0 |      0 |      0 |   1 |    1.0 |
         Sewer |    462 |    462 |      0 |     77 |    240 |   1 |  462.0 |
               +--------+--------+--------+--------+--------+-----+--------+

Top non-repeatable levels by time:
     D:7: 1594 daAuts
     D:4: 1029 daAuts
     D:6: 1004 daAuts
     D:8: 968 daAuts
     D:1: 831 daAuts
     D:9: 792 daAuts
     D:5: 728 daAuts
    D:10: 717 daAuts
     D:2: 692 daAuts
     D:3: 492 daAuts
   Sewer: 462 daAuts
    D:11: 19 daAuts
  Temple: 1 daAuts
